 Dungeon Crawl Stone Soup version 0.28-a0-247-gb8bfbab023 (webtiles) character file.

Game seed: 5859147728210313745

81 SkeletonJelly the Slasher (level 4, -1/38 HPs)
             Began as a Draconian Chaos Knight on Aug 26, 2021.
             Was a Plaything of Xom.
             Slain by an orc (2 damage)
             ... on level 3 of the Dungeon.
             The game lasted 00:03:43 (2114 turns).

SkeletonJelly the Slasher (Draconian Chaos Knight)  Turns: 2114, Time: 00:03:44

Health: -1/38      AC:  5    Str: 15    XL:     4   Next: 19%
Magic:  4/4        EV: 12    Int: 12    God:    Xom [*.....]
Gold:   189        SH:  0    Dex: 11    Spells: 2/3 levels left

rFire   . . .      SeeInvis .   a - +0 falchion (chaos)
rCold   . . .      Faith    .   (no shield)
rNeg    . . .      Spirit   .   (armour unavailable)
rPois   .          Reflect  .   (helmet restricted)
rElec   .          Harm     .   (no cloak)
rCorr   .          Rampage  .   (no gloves)
Will    .....                   (no boots)
Stlth   +.........              (no amulet)
HPRegen 0.12/turn               (no ring)
MPRegen 0.09/turn               (no ring)

@: no status effects
A: AC +5, unfitting armour, cold-blooded
a: Renounce Religion


You were on level 3 of the Dungeon.
You worshipped Xom.
You were a special plaything of Xom.
You visited 1 branch of the dungeon, and saw 3 of its levels.

You collected 189 gold pieces.

Inventory:

Hand Weapons
 a - a +0 falchion of chaos (weapon)
 l - a +0 long sword
Missiles
 h - 22 poisoned darts (quivered)
Scrolls
 b - a scroll of acquirement {unknown}
 d - 4 scrolls of teleportation {unknown}
 e - a scroll of magic mapping {unknown}
 g - a scroll of enchant weapon {unknown}
 i - a scroll of enchant armour {unknown}
 j - 3 scrolls of blinking {unknown}
 k - 2 scrolls of amnesia {unknown}
 m - a scroll of fog {unknown}
Potions
 c - 2 potions of curing {unknown}
 f - a potion of degeneration {unknown}


   Skills:
 - Level 3.2 Fighting
 + Level 5.1 Long Blades
 - Level 2.1 Dodging


You had 2 spell levels left.
You knew the following spells:

 Your Spells              Type           Power      Damage    Failure   Level
a - Foxfire               Conj/Fire      0%         2x1d4     32%         1

Your spell library contained the following spells:

 Spells                   Type           Power      Damage    Failure   Level
 Freeze                   Ice            0%         1d3       32%         1
 Conjure Flame            Conj/Fire      0%         6-21      69%         3
 Frozen Ramparts          Ice            0%         1d2       69%         3
 Inner Flame              Hex/Fire       0%         N/A       69%         3
 Hailstorm                Conj/Ice       0%         3d3       97%         4


Dungeon Overview and Level Annotations

Branches:
Dungeon (3/15)

Altars:
Ashenzari
Zin


Innate Abilities, Weirdness & Mutations

Your plain brown scales are hard. (AC +5)
You cannot fit into any form of body armour.
You are cold-blooded and may be slowed by cold attacks.


Message History

You barely miss the rat. The rat bites you but does no damage.
You hit the rat but do no damage. You tail-slap the rat.
You kill the rat!
No target in view!
No target in view!
No target in view!
No target in view!
You see here a rat corpse.
You open the door.
There is an open door here.
Key pressed, stopping explore.
Key pressed, stopping explore.
Found an escape hatch in the ceiling.
Found 11 gold pieces.
Found 18 gold pieces.
You now have 157 gold pieces (gained 11).
You now have 175 gold pieces (gained 18).
Found 15 stones.
You open the door.
There is an open door here.
You open the door.
There is an open door here.
Found 14 gold pieces.
You now have 189 gold pieces (gained 14).
Found a book of Frost.
You pick up a book of Frost and begin reading...
You add the spells Freeze, Frozen Ramparts and Hailstorm to your library.
Memorise Foxfire, consuming 1 spell level and leaving 1?
You start memorising the spell.
You continue memorising.
You finish memorising.
Spell assigned to 'a'.
Key pressed, stopping explore.
You open the door.
Found a glowing silver altar of Zin.
Found a gold piece.
There is an open door here.
There is an open door here.
Key pressed, stopping explore.
Found a scroll labelled XOCWOATOPO.
Found a stone staircase leading down.
m - a scroll labelled XOCWOATOPO
There is a stone staircase leading down here.
Key pressed, stopping explore.
Key pressed, stopping explore.
There is a shaft here.
A giant cockroach comes into view.
A giant cockroach is nearby!
You hit the giant cockroach but do no damage.
The giant cockroach closely misses you.
You hit the giant cockroach. You burn the giant cockroach.
You tail-slap the giant cockroach, but do no damage.
The giant cockroach is almost dead.
The giant cockroach bites you but does no damage.
The giant cockroach closely misses you.
You riposte.
You barely miss the giant cockroach.
The giant cockroach is severely wounded.
You hit the giant cockroach.
You kill the giant cockroach!
No target in view!
No target in view! 2 orcs and an orc priest come into view.
The orc shouts! x2; The orc priest shouts!
There are monsters nearby!
Found a metallic purple potion.
The orc priest casts a cantrip, but nothing happens.
You completely miss the orc. You tail-slap the orc.
The orc is severely wounded.
The orc priest completely misses you.
You hit the orc.
You kill the orc!
The orc priest misses you.
The orc priest calls down the wrath of Beogh upon you.
Beogh smites you!
Things that are here:
a +0 mace; an orc corpse You take 14 damage, and have 17/31 hp.
MASSIVE DAMAGE!!
You hit the orc priest. You freeze the orc priest.
The orc priest is moderately wounded.
The orc priest calls down the wrath of Beogh upon you.
Beogh smites you!
* * * LOW HITPOINT WARNING * * *
You take 13 damage, and have 4/31 hp.
MASSIVE DAMAGE!!
You are too injured to fight recklessly!
You are too injured to fight recklessly!
You are too injured to fight recklessly!
You are too injured to fight recklessly!
You are too injured to fight recklessly!
You are too injured to fight recklessly!
You slash the orc priest!
The orc priest is almost dead.
The orc priest hits you with a +0 trident.
* * * LOW HITPOINT WARNING * * *
You take 3 damage, and have 1/31 hp.
You hit the orc priest.
You kill the orc priest!
Your Long Blades skill increases to level 5!
You have reached level 4!
You feel agile.
MP restored: 4 You barely miss the orc.
The orc hits you with a +0 dagger.
You die... "It was about time."

##.#####.#.# ##### .#
#..#..## ............
.#.# #..#.>##
.#.#####.#.# #.#.#
#..##.## .#.#####(#.#
#.#.. #.......
......## #.# #.####
##.## ...##.# #.#
#.... .. # .#.# #..#
# # .#.#
#.########..# # .###
#.!...o@....# # .#
..########.####.# #
.. ..............# .
## ..........#####
### ########..# #..
#..# #.# #..# #.#
######..##########.#
....................#


You could see an orc.

Vanquished Creatures
  An orc priest (D:3)
  An adder (D:2)
  A worm (D:3)
  An orc (D:3)
  2 bats
  4 endoplasms
  3 giant cockroaches
  3 goblins
  5 hobgoblins
  2 kobolds
  2 quokkas (D:1)
  4 ball pythons
  2 frilled lizards (D:1)
  6 rats
37 creatures vanquished.

Notes
Turn   | Place    | Note
-------+----------+-------------------------------------------
     0 | D:1      | SkeletonJelly the Draconian Chaos Knight began the quest
                  | for the Orb.
     0 | D:1      | Reached XP level 1. HP: 19/19 MP: 1/1
   101 | D:1      | Reached XP level 2. HP: 22/26 MP: 2/2
   106 | D:1      | XOM: potion effect (might)
   489 | D:1      | XOM: silly message
   496 | D:1      | Reached skill level 4 in Long Blades
   560 | D:1      | XOM: god gift: 12 gold pieces
   831 | D:2      | Found a broken altar of Ashenzari.
   848 | D:2      | Reached XP level 3. HP: 2/31 MP: 3/3
   905 | D:2      | XOM: god gift: 23 stones
   911 | D:2      | XOM: 1-stop teleportation journey
  1199 | D:2      | XOM: god gift: 17 gold pieces
  1435 | D:2      | Found a faded altar of an unknown god.
  1627 | D:3      | Found a broken altar of Ashenzari.
  1938 | D:3      | Learned a level 1 spell: Foxfire
  1963 | D:3      | Found a glowing silver altar of Zin.
  2112 | D:3      | HP: 1/31 [orc priest (3)]
  2114 | D:3      | Reached skill level 5 in Long Blades
  2114 | D:3      | Reached XP level 4. HP: 1/38 MP: 4/4
  2114 | D:3      | Slain by an orc

Illustrated notes

Levels and vault maps discovered:
D:1:      psy_arrival_dodecagon, layout_basic
D:2:      layout_rooms, hellmonk_ecumenical_altar_inner_sanctum, basic_altar
D:3:      layout_basic, evilmike_ruin_ashenzari,
          pdpol_temple_overflow_zin_treasury_gozag_greed

Skill      XL: |  1  2  3 |
---------------+----------+-----
Long Blades    | 4 5 |  5.1
Fighting       | |  3.2
Dodging        | |  2.1

Action                   |  1- 3 |  4- 6 || total
-------------------------+-------+-------++-------
Melee: Falchion          |    88 |     1 ||    89
       Tailslap          |     7 |       ||     7
Armor: Skin              |    21 |       ||    21
Dodge: Dodged            |    46 |       ||    46
       Rpst.: Falchion   |    18 |       ||    18

Table legend: (Time is in decaauts)
 A = Elapsed time spent in this place.
 B = Non-inter-level travel time spent in this place.
 C = Inter-level travel time spent in this place.
 D = Time resting spent in this place.
 E = Time spent auto-exploring this place.
 F = Levels seen in this place.
 G = Mean time per level.
                   A        B        C        D        E       F      G
               +--------+--------+--------+--------+--------+-----+--------+
         Total |   2122 |   2069 |     53 |      0 |   1775 |   3 |  707.3 |
       Dungeon |   2122 |   2069 |     53 |      0 |   1775 |   3 |  707.3 |
               +--------+--------+--------+--------+--------+-----+--------+

Top non-repeatable levels by time:
     D:1: 835 daAuts
     D:3: 652 daAuts
     D:2: 635 daAuts
